| TOP OF THE 1ST |
|
Reading Fightin Phils batting - Pitching for Columbia Fireflies : RHP Matt Bennett
|
|
Pitching: RHP Matt Bennett
|
|
|
Batting: RHB Tony Perez
|
0-0: Called Strike 0-1: Swinging Strike 0-2: Ball 1-2: Ball 2-2: Strikes out swinging
|
|
Batting: RHB Chris Myers
|
0-0: Ground out 5-3 (Groundball, 56, EV 91.2 MPH)
|
|
Batting: RHB Alan Weller
|
0-0: Called Strike 0-1: Called Strike 0-2: Ball 1-2: Fly out, F6 (Popup, P, EV 79.4 MPH)
|
| Top of the 1st over - 0 runs, 0 hits, 0 errors, 0 left on base; Reading 0 - Columbia 0 |
| BOTTOM OF THE 1ST |
|
Columbia Fireflies batting - Pitching for Reading Fightin Phils : RHP Seizaburo Takahashi
|
|
Pitching: RHP Seizaburo Takahashi
|
|
|
Batting: RHB Omar Novoa
|
0-0: Swinging Strike 0-1: Ball 1-1: Ball 2-1: Fly out, F8 (Line Drive, 8RM, EV 91.9 MPH)
|
|
Batting: RHB Elias Urbina
|
0-0: Ball 1-0: Ball 2-0: Called Strike 2-1: Called Strike 2-2: Strikes out looking
|
|
Batting: LHB Tony Leyba
|
0-0: Ball 1-0: Ground out 6-3 (Groundball, 4M, EV 87.5 MPH)
|
| Bottom of the 1st over - 0 runs, 0 hits, 0 errors, 0 left on base; Reading 0 - Columbia 0 |
| TOP OF THE 2ND |
|
Reading Fightin Phils batting - Pitching for Columbia Fireflies : RHP Matt Bennett
|
|
Batting: RHB Guan-pei Gao
|
0-0: Called Strike 0-1: Foul Ball, location: 2F 0-2: Ball 1-2: Strikes out swinging
|
|
Batting: LHB Danny Zuniga
|
0-0: Ball 1-0: Foul Ball, location: 2F 1-1: Ground out 6-3 (Groundball, 6M, EV 88.1 MPH)
|
|
Batting: LHB Alex Fernandez
|
0-0: Ball 1-0: Called Strike 1-1: Ball 2-1: Called Strike 2-2: Strikes out swinging
|
| Top of the 2nd over - 0 runs, 0 hits, 0 errors, 0 left on base; Reading 0 - Columbia 0 |
| BOTTOM OF THE 2ND |
|
Columbia Fireflies batting - Pitching for Reading Fightin Phils : RHP Seizaburo Takahashi
|
|
Batting: SHB Masatoshi Akahoshi
|
0-0: Ball 1-0: Ball 2-0: Ball 3-0: Called Strike 3-1: Base on Balls
|
|
Batting: RHB Masaya Nakamura
|
0-0: Called Strike 0-1: Fly out, F7 (Flyball, 7D, EV 100.0 MPH)
|
|
Batting: RHB Andy Carrell
|
0-0: Ground out 5-3 (Groundball, 56, EV 86.9 MPH) Masatoshi Akahoshi to second
|
|
Batting: RHB Larry Shoop
|
0-0: Foul Ball, location: 2F 0-1: Ball 1-1: Swinging Strike 1-2: Ball 2-2: SINGLE (Groundball, 6D, EV 101.9 MPH) Masatoshi Akahoshi to third Runner from 3rd tries for Home, SAFE, throw by LF to home
|
|
Batting: LHB Preston Knaak
|
0-0: Ball 1-0: Called Strike 1-1: Ball Larry Shoop is caught stealing 2nd base 2-6
|
| Bottom of the 2nd over - 1 run, 1 hit, 0 errors, 0 left on base; Reading 0 - Columbia 1 |
| TOP OF THE 3RD |
|
Reading Fightin Phils batting - Pitching for Columbia Fireflies : RHP Matt Bennett
|
|
Batting: RHB Pablo Lopez
|
0-0: Called Strike 0-1: Ball 1-1: Ball 2-1: Ball 3-1: Foul Ball, location: 2F 3-2: Foul Ball, location: 2F 3-2: Foul Ball, location: 2F 3-2: Fly out, F9 (Line Drive, 9S, EV 104.4 MPH)
|
|
Batting: LHB Doug Frampton
|
0-0: Foul Ball, location: 2F 0-1: Foul Ball, location: 2F 0-2: Ball 1-2: Strikes out swinging
|
|
Batting: RHB Prabhukumar Santhanakrishnan
|
0-0: Swinging Strike 0-1: Ball 1-1: Foul Ball, location: 2F 1-2: SINGLE (Groundball, 6MD, EV 106.2 MPH)
|
|
Batting: RHB Tony Perez
|
0-0: Called Strike Prabhukumar Santhanakrishnan steals 2nd base 0-1: Ground out 6-3 (Groundball, 6MS, EV 70.0 MPH)
|
| Top of the 3rd over - 0 runs, 1 hit, 0 errors, 1 left on base; Reading 0 - Columbia 1 |
| BOTTOM OF THE 3RD |
|
Columbia Fireflies batting - Pitching for Reading Fightin Phils : RHP Seizaburo Takahashi
|
|
Batting: LHB Preston Knaak
|
0-0: Ball 1-0: Foul Ball, location: 2F 1-1: Ball 2-1: Foul Ball, location: 2F 2-2: Strikes out swinging
|
|
Batting: RHB Fathi Addae
|
0-0: Foul Ball, location: 2F 0-1: Foul Ball, location: 2F 0-2: Ball 1-2: SINGLE (Line Drive, 4M, EV 97.5 MPH)
|
|
Batting: RHB Omar Novoa
|
0-0: Called Strike 0-1: SINGLE (Groundball, 6MD, EV 98.8 MPH) Fathi Addae to second
|
|
Batting: RHB Elias Urbina
|
0-0: Ball 1-0: Ball 2-0: Fly out, F8 (Flyball, 78D, EV 105.6 MPH) Runner from 2nd tags up, OUT at 3rd! 8-5
|
| Bottom of the 3rd over - 0 runs, 2 hits, 0 errors, 1 left on base; Reading 0 - Columbia 1 |
| TOP OF THE 4TH |
|
Reading Fightin Phils batting - Pitching for Columbia Fireflies : RHP Matt Bennett
|
|
Batting: RHB Chris Myers
|
0-0: Ball 1-0: Fly out, F8 (Flyball, 89D, EV 88.1 MPH)
|
|
Batting: RHB Alan Weller
|
0-0: Ball 1-0: Called Strike 1-1: Ball 2-1: Swinging Strike 2-2: Strikes out swinging
|
|
Batting: RHB Guan-pei Gao
|
0-0: Ball 1-0: Ball 2-0: SOLO HOME RUN (Line Drive, 89XD, EV 99.4 MPH), Distance : 403 ft
|
|
Batting: LHB Danny Zuniga
|
0-0: Ball 1-0: Called Strike 1-1: SINGLE (Groundball, 34S, EV 93.8 MPH)
|
|
Batting: LHB Alex Fernandez
|
0-0: Foul Ball, location: 2F 0-1: Called Strike 0-2: Ball 1-2: Strikes out swinging
|
| Top of the 4th over - 1 run, 2 hits, 0 errors, 1 left on base; Reading 1 - Columbia 1 |
| BOTTOM OF THE 4TH |
|
Columbia Fireflies batting - Pitching for Reading Fightin Phils : RHP Seizaburo Takahashi
|
|
Batting: LHB Tony Leyba
|
0-0: Ball 1-0: Called Strike 1-1: Ball 2-1: SINGLE (Groundball, 5D, EV 98.8 MPH)
|
|
Batting: SHB Masatoshi Akahoshi
|
0-0: Called Strike 0-1: Ball 1-1: Foul Ball, location: 2F 1-2: Fly out, F7 (Flyball, 7D, EV 78.8 MPH)
|
|
Batting: RHB Masaya Nakamura
|
0-0: Called Strike 0-1: SINGLE (Groundball, 4MD, EV 96.2 MPH) Tony Leyba to second Runner from 2nd tries for 3rd, SAFE, throw by CF made to third
|
|
Batting: RHB Andy Carrell
|
0-0: Ball 1-0: SINGLE (Flyball, 56D, EV 86.2 MPH) Tony Leyba scores Masaya Nakamura to second
|
|
Batting: RHB Larry Shoop
|
0-0: Ball 1-0: Ball 2-0: Ball 3-0: Base on Balls Masaya Nakamura to third Andy Carrell to second
|
|
Batting: LHB Preston Knaak
|
0-0: Ball 1-0: Ball 2-0: Ball 3-0: Grounds into double play, 6-4-3 (Groundball, 56, EV 98.1 MPH)
|
| Bottom of the 4th over - 1 run, 3 hits, 0 errors, 2 left on base; Reading 1 - Columbia 2 |
| TOP OF THE 5TH |
|
Reading Fightin Phils batting - Pitching for Columbia Fireflies : RHP Matt Bennett
|
|
Batting: RHB Pablo Lopez
|
0-0: Foul Ball, location: 2F 0-1: Swinging Strike 0-2: Ball 1-2: Ball 2-2: Ball 3-2: Strikes out looking
|
|
Batting: LHB Doug Frampton
|
0-0: Called Strike 0-1: Swinging Strike 0-2: Ball 1-2: Strikes out swinging
|
|
Batting: RHB Prabhukumar Santhanakrishnan
|
0-0: Called Strike 0-1: Ball 1-1: Ball 2-1: Ball 3-1: Called Strike 3-2: Foul Ball, location: 2F 3-2: SINGLE (Line Drive, 56D, EV 94.4 MPH)
|
|
Batting: RHB Tony Perez
|
0-0: Called Strike 0-1: Ball 1-1: Ball 2-1: Ball 3-1: Ground out 4-3 (Groundball, 4, EV 89.4 MPH)
|
| Top of the 5th over - 0 runs, 1 hit, 0 errors, 1 left on base; Reading 1 - Columbia 2 |
| BOTTOM OF THE 5TH |
|
Columbia Fireflies batting - Pitching for Reading Fightin Phils : RHP Seizaburo Takahashi
|
|
Batting: RHB Fathi Addae
|
0-0: Ball 1-0: Called Strike 1-1: Foul Ball, location: 2F 1-2: Ground out 5-3 (Groundball, 56, EV 108.1 MPH)
|
|
Batting: RHB Omar Novoa
|
0-0: Swinging Strike 0-1: Ball 1-1: SINGLE (Line Drive, 6M, EV 93.8 MPH)
|
|
Batting: RHB Elias Urbina
|
0-0: Called Strike 0-1: Ball 1-1: Called Strike 1-2: Ball 2-2: Grounds into double play, 6-4-3 (Groundball, 6MS, EV 80.6 MPH)
|
| Bottom of the 5th over - 0 runs, 1 hit, 0 errors, 0 left on base; Reading 1 - Columbia 2 |
| TOP OF THE 6TH |
|
Reading Fightin Phils batting - Pitching for Columbia Fireflies : RHP Matt Bennett
|
|
Batting: RHB Chris Myers
|
0-0: Ball 1-0: Foul Ball, location: 2F 1-1: Ball 2-1: Ball 3-1: Swinging Strike 3-2: Foul Ball, location: 2F 3-2: Strikes out swinging, 2-3 out at first.
|
|
Batting: RHB Alan Weller
|
0-0: Ball 1-0: Ground out 5-3 (Groundball, 56, EV 85.6 MPH)
|
|
Batting: RHB Guan-pei Gao
|
0-0: Ball 1-0: Ball 2-0: Fly out, F9 (Flyball, 89M, EV 93.1 MPH)
|
| Top of the 6th over - 0 runs, 0 hits, 0 errors, 0 left on base; Reading 1 - Columbia 2 |
| BOTTOM OF THE 6TH |
|
Columbia Fireflies batting - Pitching for Reading Fightin Phils : RHP Seizaburo Takahashi
|
|
Pitching: RHP John Hughes
|
|
|
Batting: LHB Tony Leyba
|
0-0: Ball 1-0: Called Strike 1-1: Swinging Strike 1-2: Strikes out swinging
|
|
Batting: SHB Masatoshi Akahoshi
|
0-0: Called Strike 0-1: Swinging Strike 0-2: Strikes out swinging
|
|
Batting: RHB Masaya Nakamura
|
0-0: Ground out 4-3 (Groundball, 4, EV 106.9 MPH)
|
| Bottom of the 6th over - 0 runs, 0 hits, 0 errors, 0 left on base; Reading 1 - Columbia 2 |
| TOP OF THE 7TH |
|
Reading Fightin Phils batting - Pitching for Columbia Fireflies : RHP Matt Bennett
|
|
Batting: LHB Danny Zuniga
|
0-0: Swinging Strike 0-1: Ball 1-1: Ball 2-1: Swinging Strike 2-2: Strikes out swinging
|
|
Batting: LHB Alex Fernandez
|
0-0: Called Strike 0-1: Ball 1-1: Fly out, F9 (Line Drive, 9S, EV 93.8 MPH)
|
|
Batting: RHB Pablo Lopez
|
0-0: Ball 1-0: Ball 2-0: Called Strike 2-1: Ball 3-1: Base on Balls
|
|
Pitching: LHP Ricardo Chavez
|
|
|
Batting: LHB Doug Frampton
|
0-0: Ball 1-0: Called Strike 1-1: Swinging Strike 1-2: Foul Ball, location: 2F 1-2: Ball 2-2: Foul Ball, location: 2F 2-2: Foul Ball, location: 2F 2-2: Strikes out swinging
|
| Top of the 7th over - 0 runs, 0 hits, 0 errors, 1 left on base; Reading 1 - Columbia 2 |
| BOTTOM OF THE 7TH |
|
Columbia Fireflies batting - Pitching for Reading Fightin Phils : RHP John Hughes
|
|
Pitching: RHP Jonathan Beishline
|
|
|
Batting: RHB Andy Carrell
|
0-0: Called Strike 0-1: Swinging Strike 0-2: Ball 1-2: Foul Ball, location: 2F 1-2: Ball 2-2: Foul Ball, location: 2F 2-2: Foul Ball, location: 2F 2-2: Ball 3-2: Strikes out looking
|
|
Batting: RHB Larry Shoop
|
0-0: Ball 1-0: Swinging Strike 1-1: Swinging Strike 1-2: Strikes out swinging
|
|
Batting: LHB Preston Knaak
|
0-0: Swinging Strike 0-1: Ball 1-1: Foul Ball, location: 2F 1-2: Ball 2-2: Foul Ball, location: 2F 2-2: Foul Ball, location: 2F 2-2: Strikes out swinging
|
| Bottom of the 7th over - 0 runs, 0 hits, 0 errors, 0 left on base; Reading 1 - Columbia 2 |
| TOP OF THE 8TH |
|
Reading Fightin Phils batting - Pitching for Columbia Fireflies : LHP Ricardo Chavez
|
|
Pitching: RHP Amare Golden
|
|
|
Batting: RHB Prabhukumar Santhanakrishnan
|
0-0: Called Strike 0-1: Ball 1-1: Foul Ball, location: 2F 1-2: Ball 2-2: Strikes out swinging
|
|
Batting: RHB Tony Perez
|
0-0: Called Strike 0-1: Called Strike 0-2: Strikes out swinging
|
|
Batting: RHB Chris Myers
|
0-0: Called Strike 0-1: Fly out, F3 (Popup, 23F, EV 85.0 MPH)
|
| Top of the 8th over - 0 runs, 0 hits, 0 errors, 0 left on base; Reading 1 - Columbia 2 |
| BOTTOM OF THE 8TH |
|
Columbia Fireflies batting - Pitching for Reading Fightin Phils : RHP Jonathan Beishline
|
|
Pitching: LHP Eddie San Miguel
|
|
|
Batting: RHB Fathi Addae
|
0-0: Ground out 6-3 (Groundball, 6, EV 78.8 MPH)
|
|
Batting: RHB Omar Novoa
|
0-0: Called Strike 0-1: Called Strike 0-2: Ground out 6-3 (Groundball, 6M, EV 91.2 MPH)
|
|
Batting: RHB Elias Urbina
|
0-0: SINGLE (Groundball, 6M, EV 109.4 MPH) (infield hit)
|
|
Batting: LHB Tony Leyba
|
0-0: Ball 1-0: Swinging Strike 1-1: Called Strike 1-2: Ball 2-2: Foul Ball, location: 2F 2-2: Foul Ball, location: 2F 2-2: Ground out 4-3 (Groundball, 4, EV 91.9 MPH)
|
| Bottom of the 8th over - 0 runs, 1 hit, 0 errors, 1 left on base; Reading 1 - Columbia 2 |
| TOP OF THE 9TH |
|
Reading Fightin Phils batting - Pitching for Columbia Fireflies : RHP Amare Golden
|
|
Batting: RHB Alan Weller
|
0-0: Ball 1-0: Ball 2-0: Ball 3-0: Called Strike 3-1: Called Strike 3-2: Foul Ball, location: 2F 3-2: Ground out 4-3 (Groundball, 34S, EV 88.1 MPH)
|
|
Batting: RHB Guan-pei Gao
|
0-0: Called Strike 0-1: Foul Ball, location: 2F 0-2: Ball 1-2: Foul Ball, location: 2F 1-2: Ball 2-2: Strikes out swinging
|
|
Batting: LHB Danny Zuniga
|
0-0: Called Strike 0-1: Called Strike 0-2: Strikes out swinging
|
| Top of the 9th over - 0 runs, 0 hits, 0 errors, 0 left on base; Reading 1 - Columbia 2 |
|